TOP OF THE 1ST |
Calgary Flames batting - Pitching for Palm Beach Nationals : RHP Matt Norris
|
Pitching: RHP Matt Norris
|
|
Batting: RHB Dave McBain
|
0-0: Called Strike 0-1: Ball 1-1: Foul Ball, location: 2F 1-2: Ground out 6-3 (Groundball, 6, EV 84.4 MPH)
|
Batting: RHB Brian DeVoe
|
0-0: Ball 1-0: Foul Ball, location: 2F 1-1: SINGLE (Groundball, 3D, EV 101.9 MPH)
|
Batting: RHB Eric McMillian
|
0-0: Called Strike Brian DeVoe steals 2nd, throwing error, E2 Brian DeVoe to third 0-1: Ground out 5-3 (Groundball, 5, EV 86.9 MPH)
|
Batting: RHB Wally Cangro
|
0-0: Called Strike 0-1: Ball 1-1: Called Strike 1-2: Ball 2-2: Fly out, F4 (Popup, 34, EV 73.1 MPH)
|
Top of the 1st over - 0 runs, 1 hit, 1 error, 1 left on base; Calgary 0 - Palm Beach 0 |
BOTTOM OF THE 1ST |
Palm Beach Nationals batting - Pitching for Calgary Flames : LHP David French
|
Pitching: LHP David French
|
|
Batting: RHB Bobby Bricker
|
0-0: Swinging Strike 0-1: Ball 1-1: Foul Ball, location: 2F 1-2: Strikes out swinging
|
Batting: RHB Chad Madsen
|
0-0: Ball 1-0: Ball 2-0: Called Strike 2-1: SINGLE (Line Drive, 89S, EV 94.4 MPH)
|
Batting: RHB Steve Bauman
|
0-0: Ball 1-0: Called Strike 1-1: Called Strike 1-2: Foul Ball, location: 2F 1-2: SINGLE (Line Drive, 8LS, EV 106.9 MPH) Chad Madsen to second
|
Batting: RHB Naofumi Ishida
|
0-0: Ball 1-0: Fly out, F8 (Flyball, 8RXD, EV 83.8 MPH) Runner from 2nd tags up, SAFE at 3rd, no throw by CF
|
Batting: RHB Gabe Almazan
|
0-0: Fly out, F8 (Flyball, 8RM, EV 92.5 MPH)
|
Bottom of the 1st over - 0 runs, 2 hits, 0 errors, 2 left on base; Calgary 0 - Palm Beach 0 |
TOP OF THE 2ND |
Calgary Flames batting - Pitching for Palm Beach Nationals : RHP Matt Norris
|
Batting: RHB Kalidas Mishra
|
0-0: Foul Ball, location: 2F 0-1: Ball 1-1: SINGLE (Groundball, 25, EV 65.0 MPH) (infield hit)
|
Batting: RHB Ricardo Ortiz
|
0-0: Called Strike Kalidas Mishra steals 2nd base 0-1: Foul Ball, location: 2F 0-2: Ball 1-2: Foul Ball, location: 2F 1-2: Ball 2-2: Fly out, F7 (Flyball, 7D, EV 93.8 MPH)
|
Batting: LHB James McCauley
|
0-0: Ball 1-0: SINGLE (Groundball, 34D, EV 103.1 MPH) Kalidas Mishra to third
|
Batting: RHB Elias Vences
|
0-0: Ball James McCauley is caught stealing 2nd base 2-4 1-0: Foul Ball, location: 2F 1-1: Foul Ball, location: 2F 1-2: Ball 2-2: Foul Ball, location: 2F 2-2: Ball 3-2: Base on Balls
|
Batting: RHB Mike MacLeod
|
0-0: Ball 1-0: Called Strike 1-1: Ball 2-1: Foul Ball, location: 2F 2-2: Foul Ball, location: 2F 2-2: Foul Ball, location: 2F 2-2: Ground out 1-3 (Groundball, 34S, EV 69.4 MPH)
|
Top of the 2nd over - 0 runs, 2 hits, 0 errors, 2 left on base; Calgary 0 - Palm Beach 0 |
BOTTOM OF THE 2ND |
Palm Beach Nationals batting - Pitching for Calgary Flames : LHP David French
|
Batting: RHB Antonio Vallez
|
0-0: Ball 1-0: Called Strike 1-1: Foul Ball, location: 2F 1-2: Ball 2-2: Ball 3-2: Base on Balls
|
Batting: RHB Justin Van Houten
|
0-0: Ball 1-0: Ball 2-0: Ball 3-0: Called Strike 3-1: Foul Ball, location: 2F 3-2: Strikes out swinging Antonio Vallez is caught stealing 2nd base 2-4 Batter strikes out.
|
Batting: RHB Jelexiz Cuenca
|
0-0: Ball 1-0: Foul Ball, location: 2F 1-1: Swinging Strike 1-2: Ball 2-2: Ball 3-2: Foul Ball, location: 2F 3-2: Fly out, F9 (Flyball, 9LM, EV 76.9 MPH)
|
Bottom of the 2nd over - 0 runs, 0 hits, 0 errors, 0 left on base; Calgary 0 - Palm Beach 0 |
TOP OF THE 3RD |
Calgary Flames batting - Pitching for Palm Beach Nationals : RHP Matt Norris
|
Batting: RHB Dave McBain
|
0-0: Ball 1-0: Ball 2-0: Called Strike 2-1: Ground out 6-3 (Groundball, P, EV 85.0 MPH)
|
Batting: RHB Brian DeVoe
|
0-0: Fly out, F9 (Flyball, 9LM, EV 93.1 MPH)
|
Batting: RHB Eric McMillian
|
0-0: Ball 1-0: Ground out 6-3 (Groundball, 6M, EV 83.1 MPH)
|
Top of the 3rd over - 0 runs, 0 hits, 0 errors, 0 left on base; Calgary 0 - Palm Beach 0 |
BOTTOM OF THE 3RD |
Palm Beach Nationals batting - Pitching for Calgary Flames : LHP David French
|
Batting: RHB Dave Burwell
|
0-0: Swinging Strike 0-1: Ball 1-1: Foul Ball, location: 2F 1-2: Ball 2-2: Foul Ball, location: 2F 2-2: Foul Ball, location: 2F 2-2: Strikes out looking
|
Batting: RHB Bobby Bricker
|
0-0: Called Strike 0-1: Swinging Strike 0-2: Strikes out swinging
|
Batting: RHB Chad Madsen
|
0-0: Ball 1-0: Called Strike 1-1: Called Strike 1-2: Strikes out swinging
|
Bottom of the 3rd over - 0 runs, 0 hits, 0 errors, 0 left on base; Calgary 0 - Palm Beach 0 |
TOP OF THE 4TH |
Calgary Flames batting - Pitching for Palm Beach Nationals : RHP Matt Norris
|
Batting: RHB Wally Cangro
|
0-0: Foul Ball, location: 2F 0-1: Ball 1-1: Fly out, F9 (Flyball, 9LD, EV 98.8 MPH)
|
Batting: RHB Kalidas Mishra
|
0-0: Foul Ball, location: 2F 0-1: Ball 1-1: Ball 2-1: Swinging Strike 2-2: Foul Ball, location: 2F 2-2: Ground out 6-3 (Groundball, 6, EV 102.5 MPH)
|
Batting: RHB Ricardo Ortiz
|
0-0: Ball 1-0: Foul Ball, location: 2F 1-1: Ball 2-1: Called Strike 2-2: Fly out, F8 (Flyball, 78D, EV 91.9 MPH)
|
Top of the 4th over - 0 runs, 0 hits, 0 errors, 0 left on base; Calgary 0 - Palm Beach 0 |
BOTTOM OF THE 4TH |
Palm Beach Nationals batting - Pitching for Calgary Flames : LHP David French
|
Batting: RHB Steve Bauman
|
0-0: Ball 1-0: Ground out 5-3 (Groundball, 56, EV 91.3 MPH)
|
Batting: RHB Naofumi Ishida
|
0-0: Ball 1-0: SOLO HOME RUN (Flyball, 9D, EV 99.4 MPH), Distance : 361 ft
|
Batting: RHB Gabe Almazan
|
0-0: Ball 1-0: Foul Ball, location: 2F 1-1: Swinging Strike 1-2: Foul Ball, location: 2F 1-2: Ball 2-2: Strikes out looking
|
Batting: RHB Antonio Vallez
|
0-0: Swinging Strike 0-1: Swinging Strike 0-2: Strikes out swinging
|
Bottom of the 4th over - 1 run, 1 hit, 0 errors, 0 left on base; Calgary 0 - Palm Beach 1 |
TOP OF THE 5TH |
Calgary Flames batting - Pitching for Palm Beach Nationals : RHP Matt Norris
|
Batting: LHB James McCauley
|
0-0: Foul Ball, location: 2F 0-1: Fly out, F4 (Flyball, 34D, EV 82.5 MPH)
|
Batting: RHB Elias Vences
|
0-0: Ball 1-0: Called Strike 1-1: Foul Ball, location: 2F 1-2: Foul Ball, location: 2F 1-2: SINGLE (Flyball, 9LS, EV 98.1 MPH)
|
Batting: RHB Mike MacLeod
|
0-0: Called Strike 0-1: Called Strike 0-2: Ball 1-2: 2-RUN HOME RUN (Flyball, 9D, EV 102.5 MPH), Distance : 376 ft
|
Batting: RHB Dave McBain
|
0-0: Ball 1-0: Called Strike 1-1: Called Strike 1-2: SINGLE (Groundball, 56, EV 102.5 MPH)
|
Batting: RHB Brian DeVoe
|
0-0: Ball 1-0: Foul Ball, location: 2F 1-1: Foul Ball, location: 2F 1-2: Strikes out swinging
|
Batting: RHB Eric McMillian
|
0-0: Ball Dave McBain steals 2nd base 1-0: Ball 2-0: Ball 3-0: Called Strike 3-1: Base on Balls
|
Batting: RHB Wally Cangro
|
0-0: Ball 1-0: Reached on error, E5 (Groundball, 56S, EV 71.9 MPH) Dave McBain to third Eric McMillian to second
|
Batting: RHB Kalidas Mishra
|
0-0: Called Strike 0-1: Ball 1-1: Ground out 4-3 (Groundball, 34D, EV 106.3 MPH)
|
Top of the 5th over - 2 runs, 3 hits, 1 error, 3 left on base; Calgary 2 - Palm Beach 1 |
BOTTOM OF THE 5TH |
Palm Beach Nationals batting - Pitching for Calgary Flames : LHP David French
|
Batting: RHB Justin Van Houten
|
0-0: Called Strike 0-1: Ball 1-1: Ball 2-1: SOLO HOME RUN (Flyball, 7LD, EV 97.5 MPH), Distance : 373 ft
|
Batting: RHB Jelexiz Cuenca
|
0-0: Ball 1-0: Called Strike 1-1: Fly out, F3 (Flyball, 34D, EV 88.8 MPH)
|
Batting: RHB Dave Burwell
|
0-0: Ground out 5-3 (Groundball, 56, EV 106.3 MPH)
|
Batting: RHB Bobby Bricker
|
0-0: Foul Ball, location: 2F 0-1: Ball 1-1: Foul Ball, location: 2F 1-2: Ball 2-2: Foul Ball, location: 2F 2-2: Strikes out swinging, 2-3 out at first.
|
Bottom of the 5th over - 1 run, 1 hit, 0 errors, 0 left on base; Calgary 2 - Palm Beach 2 |
TOP OF THE 6TH |
Calgary Flames batting - Pitching for Palm Beach Nationals : RHP Matt Norris
|
Batting: RHB Ricardo Ortiz
|
0-0: Called Strike 0-1: Ball 1-1: Ground out 5-3 (Groundball, 56, EV 87.5 MPH)
|
Batting: LHB James McCauley
|
0-0: Ball 1-0: Ball 2-0: Called Strike 2-1: Foul Ball, location: 2F 2-2: SINGLE (Groundball, 4S, EV 66.3 MPH) (infield hit)
|
Batting: RHB Elias Vences
|
0-0: Ball 1-0: Called Strike 1-1: Ball 2-1: Ball 3-1: SINGLE (Groundball, 56D, EV 98.8 MPH) James McCauley to second
|
Batting: RHB Mike MacLeod
|
0-0: DOUBLE (Flyball, 89XD, EV 103.1 MPH) James McCauley scores Elias Vences to third Runner from 3rd tries for Home, SAFE, throw by RF to home
|
Batting: RHB Dave McBain
|
0-0: Called Strike 0-1: SINGLE (Line Drive, 89S, EV 88.1 MPH) Mike MacLeod to third
|
Batting: RHB Brian DeVoe
|
0-0: Ball Dave McBain is caught stealing 2nd base 2-4 1-0: Called Strike 1-1: TRIPLE (Groundball, 3L, EV 95.6 MPH) Mike MacLeod scores
|
Batting: RHB Eric McMillian
|
0-0: Ground out 1-3 (Groundball, 25, EV 66.9 MPH)
|
Top of the 6th over - 3 runs, 5 hits, 0 errors, 1 left on base; Calgary 5 - Palm Beach 2 |
BOTTOM OF THE 6TH |
Palm Beach Nationals batting - Pitching for Calgary Flames : LHP David French
|
Batting: RHB Chad Madsen
|
0-0: SINGLE (Groundball, 5S, EV 67.5 MPH) (infield hit)
|
Batting: RHB Steve Bauman
|
0-0: Foul Ball, location: 2F 0-1: Called Strike 0-2: Ball 1-2: Ball 2-2: Ball 3-2: Foul Ball, location: 2F 3-2: Foul Ball, location: 2F 3-2: Strikes out swinging Chad Madsen is caught stealing 2nd base 2-4 Batter strikes out.
|
Batting: RHB Naofumi Ishida
|
0-0: Foul Ball, location: 2F 0-1: Called Strike 0-2: Ball 1-2: Ball 2-2: Foul Ball, location: 2F 2-2: Strikes out swinging
|
Bottom of the 6th over - 0 runs, 1 hit, 0 errors, 0 left on base; Calgary 5 - Palm Beach 2 |
TOP OF THE 7TH |
Calgary Flames batting - Pitching for Palm Beach Nationals : RHP Matt Norris
|
Batting: RHB Wally Cangro
|
0-0: Foul Ball, location: 2F 0-1: SOLO HOME RUN (Flyball, 7D, EV 107.5 MPH), Distance : 435 ft
|
Batting: RHB Kalidas Mishra
|
0-0: Ball 1-0: Ball 2-0: TRIPLE (Line Drive, 7LD, EV 108.1 MPH)
|
Batting: RHB Ricardo Ortiz
|
0-0: Ground out 6-3 (Groundball, 6S, EV 77.5 MPH) Kalidas Mishra scores
|
Batting: LHB James McCauley
|
0-0: Ground out 4-3 (Groundball, 4, EV 80.0 MPH)
|
Batting: RHB Elias Vences
|
0-0: Ball 1-0: Swinging Strike 1-1: Ball 2-1: Ball 3-1: Foul Ball, location: 2F 3-2: DOUBLE (Line Drive, 78D, EV 103.8 MPH)
|
Batting: RHB Mike MacLeod
|
0-0: Ball Elias Vences is caught stealing 3rd base 2-5
|
Top of the 7th over - 2 runs, 3 hits, 0 errors, 0 left on base; Calgary 7 - Palm Beach 2 |
BOTTOM OF THE 7TH |
Palm Beach Nationals batting - Pitching for Calgary Flames : LHP David French
|
Batting: RHB Gabe Almazan
|
0-0: Ball 1-0: Ball 2-0: Swinging Strike 2-1: Foul Ball, location: 2F 2-2: Strikes out swinging
|
Batting: RHB Antonio Vallez
|
0-0: Ball 1-0: Called Strike 1-1: Foul Ball, location: 2F 1-2: Ball 2-2: Ball 3-2: SOLO HOME RUN (Flyball, 7LD, EV 95.0 MPH), Distance : 361 ft
|
Batting: RHB Justin Van Houten
|
0-0: Foul Ball, location: 2F 0-1: Ball 1-1: Fly out, F9 (Flyball, 89D, EV 83.1 MPH)
|
Batting: RHB Jelexiz Cuenca
|
0-0: Ball 1-0: Ball 2-0: Ball 3-0: Called Strike 3-1: DOUBLE (Line Drive, 78D, EV 106.9 MPH)
|
Pitching: RHP Dave Waterman
|
|
Batting: RHB Dave Burwell
|
0-0: Swinging Strike 0-1: Ball 1-1: Swinging Strike 1-2: Ball 2-2: Strikes out looking
|
Bottom of the 7th over - 1 run, 2 hits, 0 errors, 1 left on base; Calgary 7 - Palm Beach 3 |
TOP OF THE 8TH |
Calgary Flames batting - Pitching for Palm Beach Nationals : RHP Matt Norris
|
Pitching: RHP Kiyonaga Nakamura
|
|
Batting: RHB Mike MacLeod
|
0-0: Ball 1-0: Foul Ball, location: 2F 1-1: Ball 2-1: SOLO HOME RUN (Line Drive, 7LD, EV 101.3 MPH), Distance : 396 ft
|
Batting: RHB Dave McBain
|
0-0: Swinging Strike 0-1: SINGLE (Line Drive, 6MD, EV 98.8 MPH)
|
Batting: RHB Brian DeVoe
|
0-0: Called Strike 0-1: Ball Dave McBain steals 2nd base 1-1: Swinging Strike 1-2: Foul Ball, location: 2F 1-2: Ground out U3 (Groundball, 34, EV 81.3 MPH) Dave McBain to third
|
Batting: RHB Eric McMillian
|
0-0: Called Strike 0-1: Ball 1-1: Fly out, F8 (Flyball, 8LD, EV 95.0 MPH) Runner from 3rd tags up, SCORES, throw by CF
|
Batting: RHB Wally Cangro
|
0-0: Ball 1-0: Ball 2-0: Swinging Strike 2-1: Ball 3-1: Ground out 5-3 (Groundball, 56S, EV 73.1 MPH)
|
Top of the 8th over - 2 runs, 2 hits, 0 errors, 0 left on base; Calgary 9 - Palm Beach 3 |
BOTTOM OF THE 8TH |
Palm Beach Nationals batting - Pitching for Calgary Flames : RHP Dave Waterman
|
Batting: RHB Bobby Bricker
|
0-0: Called Strike 0-1: Ball 1-1: DOUBLE (Line Drive, 5D, EV 100.0 MPH)
|
Batting: RHB Chad Madsen
|
0-0: Called Strike 0-1: Foul Ball, location: 2F 0-2: Ground out 6-3 (Groundball, 6S, EV 82.5 MPH) Bobby Bricker to third
|
Batting: RHB Steve Bauman
|
0-0: Ball 1-0: Swinging Strike 1-1: Ball 2-1: Fly out, F7 (Flyball, 7LM, EV 100.6 MPH) Runner from 3rd tags up, SCORES, no throw by LF
|
Batting: RHB Naofumi Ishida
|
0-0: Called Strike 0-1: Ground out 5-3 (Groundball, 56S, EV 86.9 MPH)
|
Bottom of the 8th over - 1 run, 1 hit, 0 errors, 0 left on base; Calgary 9 - Palm Beach 4 |
TOP OF THE 9TH |
Calgary Flames batting - Pitching for Palm Beach Nationals : RHP Kiyonaga Nakamura
|
Batting: RHB Kalidas Mishra
|
0-0: Ball 1-0: Swinging Strike 1-1: Ball 2-1: DOUBLE (Line Drive, 3D, EV 103.8 MPH)
|
Batting: RHB Ricardo Ortiz
|
0-0: Called Strike 0-1: DOUBLE (Flyball, 9LD, EV 109.4 MPH) Kalidas Mishra scores
|
Batting: LHB James McCauley
|
0-0: Called Strike 0-1: Foul Ball, location: 2F 0-2: Hit by Pitch
|
Batting: RHB Elias Vences
|
0-0: Ball 1-0: Ball 2-0: Called Strike 2-1: Ball 3-1: Base on Balls Ricardo Ortiz to third James McCauley to second
|
Batting: RHB Mike MacLeod
|
0-0: Ball 1-0: Ball 2-0: Called Strike 2-1: Foul Ball, location: 2F 2-2: Foul Ball, location: 2F 2-2: Ball 3-2: Base on Balls Ricardo Ortiz scores James McCauley to third Elias Vences to second
|
Batting: RHB Dave McBain
|
0-0: Called Strike 0-1: Fly out, F2 (Popup, 15S, EV 88.8 MPH)
|
Batting: RHB Brian DeVoe
|
0-0: Swinging Strike 0-1: Foul Ball, location: 2F 0-2: Foul Ball, location: 2F 0-2: Ball 1-2: Ball 2-2: Grounds into double play, 6-4-3 (Groundball, 6, EV 87.5 MPH)
|
Top of the 9th over - 2 runs, 2 hits, 0 errors, 2 left on base; Calgary 11 - Palm Beach 4 |
BOTTOM OF THE 9TH |
Palm Beach Nationals batting - Pitching for Calgary Flames : RHP Dave Waterman
|
Batting: RHB Gabe Almazan
|
0-0: SINGLE (Groundball, 56D, EV 108.1 MPH)
|
Batting: RHB Antonio Vallez
|
0-0: Ball 1-0: Foul Ball, location: 2F 1-1: Ball 2-1: Ball 3-1: Base on Balls Gabe Almazan to second
|
Pinch Hitting: LHB Chance McWilliams
|
0-0: Called Strike 0-1: Called Strike 0-2: Ball 1-2: Strikes out swinging
|
Pinch Hitting: SHB Curtis DeLille
|
0-0: Foul Ball, location: 2F 0-1: Foul Ball, location: 2F 0-2: Strikes out swinging
|
Pinch Hitting: LHB Vince McLane
|
0-0: Ball 1-0: Swinging Strike 1-1: Ball 2-1: Foul Ball, location: 2F 2-2: Strikes out looking
|
Bottom of the 9th over - 0 runs, 1 hit, 0 errors, 2 left on base; Calgary 11 - Palm Beach 4 |
|